TOP OF THE 1ST |
---|
Kalamazoo Royale with Cheese batting - Pitching for Springfield Stars : LHP José López | Pitching: LHP José López | | Batting: LHB Keith Tillman | 0-0: Foul Ball, location: 2F 0-1: Swinging Strike 0-2: Ground out 4-3 (Groundball, 4) | Batting: RHB Zander Tremblett | 0-0: Ball 1-0: Called Strike 1-1: Foul Ball, location: 2F 1-2: Ground out 5-3 (Groundball, 56) | Batting: LHB Roberto Sandoval | 0-0: Swinging Strike 0-1: SINGLE (Line Drive, 9LS) | Batting: RHB José Velásquez | 0-0: Called Strike 0-1: Ball 1-1: Foul Ball, location: 2F 1-2: Fielders Choice at 2nd, 6-4 (Groundball, 6) | Top of the 1st over - 0 runs, 1 hit, 0 errors, 1 left on base; Kalamazoo 0 - Springfield 0 | BOTTOM OF THE 1ST |
---|
Springfield Stars batting - Pitching for Kalamazoo Royale with Cheese : RHP Jason Taylor | Pitching: RHP Jason Taylor | | Batting: RHB Gabriel Erwin | 0-0: Ball 1-0: Ball 2-0: Called Strike 2-1: Swinging Strike 2-2: Ground out 1-3 (Groundball, 13) | Batting: LHB Jesús Tobías | 0-0: Called Strike 0-1: SINGLE (Groundball, 34) (infield hit) | Batting: LHB Derek Davidson | 0-0: Called Strike Jesús Tobías steals 2nd base 0-1: Ball 1-1: Foul Ball, location: 2F 1-2: Strikes out looking | Batting: LHB Felipe Guerrero | 0-0: Ball 1-0: Called Strike 1-1: Foul Ball, location: 2F 1-2: Fly out, F4 (Popup, 4) | Bottom of the 1st over - 0 runs, 1 hit, 0 errors, 1 left on base; Kalamazoo 0 - Springfield 0 | TOP OF THE 2ND |
---|
Kalamazoo Royale with Cheese batting - Pitching for Springfield Stars : LHP José López | Batting: LHB Jacob Wright | 0-0: Ball 1-0: Foul Ball, location: 2F 1-1: Foul Ball, location: 2F 1-2: Ball 2-2: Ball 3-2: Foul Ball, location: 2F 3-2: Ground out 3-1 (Groundball, 34) | Batting: RHB Jimmy Simon | 0-0: Called Strike 0-1: Ball 1-1: Ball 2-1: Ball 3-1: Base on Balls | Batting: RHB José Estrada | 0-0: Fly out, F8 (Flyball, 8RXD) | Batting: SHB Bob Noble | 0-0: Fielders Choice at 2nd, 6-4 (Groundball, 6) | Top of the 2nd over - 0 runs, 0 hits, 0 errors, 1 left on base; Kalamazoo 0 - Springfield 0 | BOTTOM OF THE 2ND |
---|
Springfield Stars batting - Pitching for Kalamazoo Royale with Cheese : RHP Jason Taylor | Batting: LHB Elliott Newell | 0-0: Called Strike 0-1: Foul Ball, location: 2F 0-2: Ball 1-2: Strikes out swinging | Batting: RHB Calvin Bennett | 0-0: Ball 1-0: Ground out 5-3 (Groundball, 56S) | Batting: LHB Mike Pearson | 0-0: Called Strike 0-1: DOUBLE (Flyball, 89D) | Batting: LHB Ryan Drake | 0-0: Ball 1-0: Called Strike 1-1: Ball 2-1: Ball 3-1: Foul Ball, location: 2F 3-2: Foul Ball, location: 2F 3-2: Foul Ball, location: 2F 3-2: Base on Balls | Batting: RHB Will Sterling | 0-0: Swinging Strike 0-1: Ground out U3 (Groundball, 34S) | Bottom of the 2nd over - 0 runs, 1 hit, 0 errors, 2 left on base; Kalamazoo 0 - Springfield 0 | TOP OF THE 3RD |
---|
Kalamazoo Royale with Cheese batting - Pitching for Springfield Stars : LHP José López | Batting: RHB Yoshihide Takahashi | 0-0: Ball 1-0: Called Strike 1-1: Ball 2-1: Ball 3-1: Swinging Strike 3-2: Base on Balls | Batting: LHB Keith Tillman | 0-0: Ball 1-0: Ball 2-0: Foul Ball, location: 2F 2-1: Ball 3-1: Called Strike 3-2: Base on Balls Yoshihide Takahashi to second | Batting: RHB Zander Tremblett | 0-0: Ball 1-0: Foul Ball, location: 2F 1-1: SINGLE (Flyball, 8RS) Yoshihide Takahashi to third Keith Tillman to second Runner from 3rd tries for Home, SAFE, throw made home | Batting: LHB Roberto Sandoval | 0-0: Ball 1-0: Ball 2-0: Called Strike 2-1: Foul Ball, location: 2F 2-2: Ball 3-2: Base on Balls Keith Tillman to third Zander Tremblett to second | Batting: RHB José Velásquez | 0-0: Foul Ball, location: 2F 0-1: Ball 1-1: Swinging Strike 1-2: Ball 2-2: Foul Ball, location: 2F 2-2: Foul Ball, location: 2F 2-2: Ball 3-2: Grounds into double play, 6-4-3 (Groundball, 6) Keith Tillman scores Zander Tremblett to third | Batting: LHB Jacob Wright | 0-0: Ball 1-0: Swinging Strike 1-1: Foul Ball, location: 2F 1-2: Ball 2-2: Strikes out swinging | Top of the 3rd over - 2 runs, 1 hit, 0 errors, 1 left on base; Kalamazoo 2 - Springfield 0 | BOTTOM OF THE 3RD |
---|
Springfield Stars batting - Pitching for Kalamazoo Royale with Cheese : RHP Jason Taylor | Batting: RHB Gabriel Erwin | 0-0: Ground out 5-3 (Groundball, 5) | Batting: LHB Jesús Tobías | 0-0: Foul Ball, location: 2F 0-1: SINGLE (Groundball, 4S) (infield hit) | Batting: LHB Derek Davidson | 0-0: Called Strike 0-1: SINGLE (Line Drive, 9S) Jesús Tobías to second Runner from 2nd tries for 3rd, OUT! | Batting: LHB Felipe Guerrero | 0-0: Ball 1-0: Foul Ball, location: 2F 1-1: Fielders Choice at 2nd, 6-4 (Groundball, 6) | Bottom of the 3rd over - 0 runs, 2 hits, 0 errors, 1 left on base; Kalamazoo 2 - Springfield 0 | TOP OF THE 4TH |
---|
Kalamazoo Royale with Cheese batting - Pitching for Springfield Stars : LHP José López | Batting: RHB Jimmy Simon | 0-0: Ball 1-0: Foul Ball, location: 2F 1-1: Ball 2-1: Fly out, F3 (Popup, 3F) | Batting: RHB José Estrada | 0-0: Called Strike 0-1: Foul Ball, location: 2F 0-2: Strikes out swinging | Batting: SHB Bob Noble | 0-0: Called Strike 0-1: Ball 1-1: Foul Ball, location: 2F 1-2: Ground out 6-3 (Groundball, 6M) | Top of the 4th over - 0 runs, 0 hits, 0 errors, 0 left on base; Kalamazoo 2 - Springfield 0 | BOTTOM OF THE 4TH |
---|
Springfield Stars batting - Pitching for Kalamazoo Royale with Cheese : RHP Jason Taylor | Batting: LHB Elliott Newell | 0-0: Called Strike 0-1: Called Strike 0-2: Foul Ball, location: 2F 0-2: Foul Ball, location: 2F 0-2: Ball 1-2: Fly out, F7 (Flyball, 7LS) | Batting: RHB Calvin Bennett | 0-0: Called Strike 0-1: Ball 1-1: Ball 2-1: Ground out 5-3 (Groundball, 5S) | Batting: LHB Mike Pearson | 0-0: Ball 1-0: Ball 2-0: Swinging Strike 2-1: SINGLE (Groundball, 56S) (infield hit) | Batting: LHB Ryan Drake | 0-0: Called Strike 0-1: Ball 1-1: Ball 2-1: Ground out U3 (Groundball, 3) | Bottom of the 4th over - 0 runs, 1 hit, 0 errors, 1 left on base; Kalamazoo 2 - Springfield 0 | TOP OF THE 5TH |
---|
Kalamazoo Royale with Cheese batting - Pitching for Springfield Stars : LHP José López | Batting: RHB Yoshihide Takahashi | 0-0: Ground out 6-3 (Groundball, 56) | Batting: LHB Keith Tillman | 0-0: Called Strike 0-1: Ball 1-1: SINGLE (Groundball, 4D) | Batting: RHB Zander Tremblett | 0-0: Ball 1-0: Foul Ball, location: 2F 1-1: Called Strike 1-2: Fly out, F7 (Flyball, 78XD) | Batting: LHB Roberto Sandoval | 0-0: Called Strike 0-1: Ball 1-1: Foul Ball, location: 2F 1-2: Ball 2-2: Strikes out looking | Top of the 5th over - 0 runs, 1 hit, 0 errors, 1 left on base; Kalamazoo 2 - Springfield 0 | BOTTOM OF THE 5TH |
---|
Springfield Stars batting - Pitching for Kalamazoo Royale with Cheese : RHP Jason Taylor | Batting: RHB Will Sterling | 0-0: Called Strike 0-1: Ball 1-1: Called Strike 1-2: Foul Ball, location: 2F 1-2: Foul Ball, location: 2F 1-2: Ground out U3 (Groundball, 34) | Batting: RHB Gabriel Erwin | 0-0: Ground out 5-3 (Groundball, 56) | Batting: LHB Jesús Tobías | 0-0: Called Strike 0-1: Ball 1-1: SINGLE (Groundball, 4) (infield hit) | Batting: LHB Derek Davidson | 0-0: Foul Ball, location: 2F 0-1: Ball 1-1: Called Strike 1-2: Ball 2-2: Strikes out swinging | Bottom of the 5th over - 0 runs, 1 hit, 0 errors, 1 left on base; Kalamazoo 2 - Springfield 0 | TOP OF THE 6TH |
---|
Kalamazoo Royale with Cheese batting - Pitching for Springfield Stars : LHP José López | Batting: RHB José Velásquez | 0-0: Ball 1-0: Called Strike 1-1: Ball 2-1: SINGLE (Line Drive, 7LM) | Batting: LHB Jacob Wright | 0-0: Ball 1-0: Swinging Strike 1-1: Swinging Strike 1-2: Fly out, F6 (Popup, 5D) | Batting: RHB Jimmy Simon | 0-0: Grounds out, U3 (Groundball, 3L) | Batting: RHB José Estrada | 0-0: Called Strike 0-1: Swinging Strike 0-2: Ball 1-2: Strikes out swinging | Top of the 6th over - 0 runs, 1 hit, 0 errors, 1 left on base; Kalamazoo 2 - Springfield 0 | BOTTOM OF THE 6TH |
---|
Springfield Stars batting - Pitching for Kalamazoo Royale with Cheese : RHP Jason Taylor | Batting: LHB Felipe Guerrero | 0-0: Ball 1-0: Ball 2-0: Ball 3-0: Base on Balls | Batting: LHB Elliott Newell | 0-0: Called Strike 0-1: Called Strike 0-2: Ball 1-2: Foul Ball, location: 2F 1-2: Fly out, F8 (Flyball, 8RS) | Batting: RHB Calvin Bennett | 0-0: Called Strike 0-1: Ground out 4-3 (Groundball, 34) Felipe Guerrero to second | Batting: LHB Mike Pearson | 0-0: Ball 1-0: Called Strike 1-1: Ball 2-1: Called Strike 2-2: Fly out, F7 (Flyball, 78S) | Bottom of the 6th over - 0 runs, 0 hits, 0 errors, 1 left on base; Kalamazoo 2 - Springfield 0 | TOP OF THE 7TH |
---|
Kalamazoo Royale with Cheese batting - Pitching for Springfield Stars : LHP José López | Pitching: LHP Marcos Flores | | Batting: SHB Bob Noble | 0-0: Called Strike 0-1: Foul Ball, location: 2F 0-2: Ball 1-2: Ground out 5-3 (Groundball, 56) | Batting: RHB Yoshihide Takahashi | 0-0: Ground out 6-3 (Groundball, 6M) | Batting: LHB Keith Tillman | 0-0: Called Strike 0-1: Foul Ball, location: 2F 0-2: Ball 1-2: Fly out, F9 (Flyball, 9LS) | Top of the 7th over - 0 runs, 0 hits, 0 errors, 0 left on base; Kalamazoo 2 - Springfield 0 | BOTTOM OF THE 7TH |
---|
Springfield Stars batting - Pitching for Kalamazoo Royale with Cheese : RHP Jason Taylor | Batting: LHB Ryan Drake | 0-0: Foul Ball, location: 2F 0-1: Ball 1-1: Swinging Strike 1-2: SINGLE (Groundball, 4D) | Pitching: RHP Armen Boyajian | | Batting: RHB Will Sterling | 0-0: Ball 1-0: Ball 2-0: Swinging Strike 2-1: Swinging Strike 2-2: Ground out 5-3 (Groundball, 56S) Ryan Drake to second | Batting: RHB Gabriel Erwin | 0-0: Ball 1-0: Foul Ball, location: 2F 1-1: Ground out 5-3 (Groundball, 56) | Pitching: LHP Carlos Thomas | | Batting: LHB Jesús Tobías | 0-0: Ground out 4-3 (Groundball, 4) | Bottom of the 7th over - 0 runs, 1 hit, 0 errors, 1 left on base; Kalamazoo 2 - Springfield 0 | TOP OF THE 8TH |
---|
Kalamazoo Royale with Cheese batting - Pitching for Springfield Stars : LHP Marcos Flores | Batting: RHB Zander Tremblett | 0-0: Fly out, F3 (Popup, 3L) | Batting: LHB Roberto Sandoval | 0-0: Called Strike 0-1: Ground out 4-3 (Groundball, 4D) | Batting: RHB José Velásquez | 0-0: Called Strike 0-1: Ball 1-1: Foul Ball, location: 2F 1-2: Foul Ball, location: 2F Error on foul ball, E2 1-2: Ground out 3-1 (Groundball, 34) | Top of the 8th over - 0 runs, 0 hits, 1 error, 0 left on base; Kalamazoo 2 - Springfield 0 | BOTTOM OF THE 8TH |
---|
Springfield Stars batting - Pitching for Kalamazoo Royale with Cheese : LHP Carlos Thomas | Batting: LHB Derek Davidson | 0-0: Called Strike 0-1: Ball 1-1: Ball 2-1: Ground out 4-3 (Groundball, 34D) | Batting: LHB Felipe Guerrero | 0-0: Foul Ball, location: 2F 0-1: Ball 1-1: SOLO HOME RUN (Flyball, 78XD), Distance : 438 ft | Batting: LHB Elliott Newell | 0-0: Ball 1-0: Called Strike 1-1: Swinging Strike 1-2: Foul Ball, location: 2F 1-2: Foul Ball, location: 2F 1-2: Foul Ball, location: 2F 1-2: Fly out, F7 (Flyball, 7LSF) | Pitching: RHP Roberto Ledesma | | Batting: RHB Calvin Bennett | 0-0: Ball 1-0: Foul Ball, location: 2F 1-1: Ground out 6-3 (Groundball, 6) | Bottom of the 8th over - 1 run, 1 hit, 0 errors, 0 left on base; Kalamazoo 2 - Springfield 1 | TOP OF THE 9TH |
---|
Kalamazoo Royale with Cheese batting - Pitching for Springfield Stars : LHP Marcos Flores | Batting: LHB Jacob Wright | 0-0: Swinging Strike 0-1: Ball 1-1: Ball 2-1: Foul Ball, location: 2F 2-2: SINGLE (Flyball, 7S) | Batting: RHB Jimmy Simon | 0-0: Fly out, F9 (Flyball, 89D) | Batting: RHB José Estrada | 0-0: Fly out, F4 (Popup, 3DF) | Pinch Hitting: RHB Tae-kwon Kwon | 0-0: Ball 1-0: Fielders Choice at 2nd, 6-4 (Groundball, 6) | Top of the 9th over - 0 runs, 1 hit, 0 errors, 1 left on base; Kalamazoo 2 - Springfield 1 | BOTTOM OF THE 9TH |
---|
Springfield Stars batting - Pitching for Kalamazoo Royale with Cheese : RHP Roberto Ledesma | Pitching: LHP Manuel Herrera | | Now at 2B: Tim Reid | | Pinch Hitting: RHB Richard Bankhead | 0-0: Ball 1-0: Ground out 6-3 (Groundball, 6) | Batting: LHB Ryan Drake | 0-0: Called Strike 0-1: Ball 1-1: Ground out 4-3 (Groundball, 4M) | Batting: RHB Will Sterling | 0-0: Ball 1-0: Ball 2-0: Ball 3-0: Called Strike 3-1: Base on Balls | Batting: RHB Gabriel Erwin | 0-0: Ball 1-0: Swinging Strike 1-1: Called Strike 1-2: Ball 2-2: Strikes out swinging | Bottom of the 9th over - 0 runs, 0 hits, 0 errors, 1 left on base; Kalamazoo 2 - Springfield 1 | |